 Dungeon Crawl Stone Soup version 0.21-a0-613-g5d64845 (webtiles) character file.

25 slep the Ducker (level 2, -3/23 HPs)
             Began as a Demonspawn Gladiator on Dec 22, 2017.
             Slain by a leopard gecko (4 damage)
             ... on level 2 of the Dungeon.
             The game lasted 00:02:00 (522 turns).

slep the Ducker (Demonspawn Gladiator)               Turns: 522, Time: 00:02:00

Health: -3/23      AC:  4    Str: 14    XL:     2   Next: 86%
Magic:  2/2        EV: 13    Int:  9    God:
Gold:   46         SH:  0    Dex: 14    Spells: 1/1 levels left

rFire    . . .     SeeInvis .   a - +0 war axe
rCold    . . .     Gourm    .   (no shield)
rNeg     . . .     Faith    .   b - +0 leather armour
rPois    .         Spirit   .   c - +0 helmet
rElec    .         Reflect  .   (no cloak)
rCorr    .         Harm     .   (no gloves)
MR       .....                  (no boots)
Stlth    ++........             (no amulet)
HPRegen  0.07/turn              (no ring)
MPRegen  0.08/turn              (no ring)

@: no status effects
A: nightstalker 1
a: no special abilities


You were on level 2 of the Dungeon.
You were not hungry.

You visited 1 branch of the dungeon, and saw 2 of its levels.

You collected 46 gold pieces.

Inventory:

Hand Weapons
 a - a +0 war axe (weapon)
Missiles
 d - 3 throwing nets (quivered)
 e - 12 poisoned needles
Armour
 b - a +0 leather armour (worn)
 c - a +0 helmet (worn)
 l - a +0 buckler
Scrolls
 h - a scroll of remove curse {unknown}
 i - 2 scrolls of blinking {unknown}
 k - 2 scrolls of identify {unknown}
Potions
 g - 2 potions of curing {unknown}
 j - a potion of might {unknown}
Comestibles
 f - a ration


   Skills:
 + Level 2.5 Fighting
 + Level 3.0 Axes
 + Level 1.9 Throwing
 + Level 3.0 Dodging
 + Level 0.2 Stealth


You had one spell level left.
You didn't know any spells.

Dungeon Overview and Level Annotations

Branches:
Dungeon (2/15)

Altars:


Innate Abilities, Weirdness & Mutations

You are slightly more attuned to the shadows.


Message History

You barely miss the frilled lizard. You barely miss the hobgoblin.
You barely miss the leopard gecko. You hit the frilled lizard.
You kill the frilled lizard!
The leopard gecko barely misses you. The frilled lizard barely misses you.
The hobgoblin hits you with a club.
* * * LOW HITPOINT WARNING * * *
The giant cockroach completely misses you.
A worm comes into view.
You miss the leopard gecko. You hit the hobgoblin.
You slash the frilled lizard!
You kill the frilled lizard!
You slash the giant cockroach!
You kill the giant cockroach!
The leopard gecko bites you.
* * * LOW HITPOINT WARNING * * *
The hobgoblin hits you with a club.
* * * LOW HITPOINT WARNING * * *
The leopard gecko hisses menacingly.
The leopard gecko bites you.
You die...

.........l.l
......<....
..........
.w.......
........#
.....†..#
......††#
..#..rl@#
###.g.....#
..........#
....##....##
.... ......#
....
.#...... ..
( ......


You could see a worm, a leopard gecko, a quokka and a hobgoblin.

Vanquished Creatures
  A leopard gecko (D:1)
  A ball python (D:1)
  4 giant cockroaches
  2 goblins (D:1)
  4 jackals (D:2)
  4 kobolds (D:1)
  2 frilled lizards (D:2)
  3 rats (D:1)
21 creatures vanquished.

Notes
Turn   | Place    | Note
-------+----------+-------------------------------------------
     0 | D:1      | slep the Demonspawn Gladiator began the quest for the Orb.
     0 | D:1      | Reached XP level 1. HP: 16/16 MP: 1/1
   135 | D:1      | Gained mutation: You are slightly more attuned to the shadows. [demonic ancestry]
   135 | D:1      | Reached XP level 2. HP: 16/22 MP: 2/2
   522 | D:2      | HP: 1/23 [hobgoblin/club (1)]
   522 | D:2      | Slain by a leopard gecko

Vault maps used:
D:1:      kennysheep_arrival_forest, serial_curves, eino_curves_04,
          eino_curves_01
D:2:      grunt_dithmenos_smoke_and_mirrors

Skill      XL: |  1  2 |
---------------+-------+-----
Dodging        | 3 |  3.0
Axes           | 3 |  3.0
Fighting       | |  2.5
Throwing       | |  1.9
Stealth        | |  0.2

Action                   || total
-------------------------++-------
Melee: War axe           ||    39
 Stab: Sleeping          ||     3
Armor: Leather armour    ||    17
Dodge: Dodged            ||    30

Table legend:
 A = Spawn XP
 B = Non-spawn XP
 C = Spawn XP percentage of total XP
 D = Spawn monster count
 E = Non-spawn monster count
 F = Spawn count percentage of total count
 G = Total turns spent on level
                    A         B        C        D         E        F      G
               +---------+---------+-------+---------+---------+-------+---------
         Total |       0 |      37 |   0.0 |       0 |      21 |   0.0 |   522
               +---------+---------+-------+---------+---------+-------+---------
           D:1 |       0 |      23 |   0.0 |       0 |      13 |   0.0 |   511
           D:2 |       0 |      14 |   0.0 |       0 |       8 |   0.0 |    11
               +---------+---------+-------+---------+---------+-------+---------
